 Dungeon Crawl Stone Soup version 0.24-a0-22-g2a401c0 (webtiles) character file.

Game seed: 14145580192307102933

558 Lanoc the Shield-Bearer (level 7, 0/60 HPs)
             Began as a Gnoll Fighter on Feb 2, 2019.
             Was a Believer of Wu Jian.
             Succumbed to a scorpion's poison
             ... on level 3 of the Dungeon.
             The game lasted 00:06:52 (2811 turns).

Lanoc the Shield-Bearer (Gnoll Fighter)             Turns: 2811, Time: 00:06:52

Health: 0/60       AC: 10    Str: 20    XL:     7   Next: 31%
Magic:  10/10      EV:  9    Int: 10    God:    Wu Jian [**....]
Gold:   141        SH: 11    Dex: 15    Spells: 10/10 levels left

rFire    . . .     SeeInvis .   l - -1 mace (curse)
rCold    . . .     Gourm    .   c - +0 shield
rNeg     . . .     Faith    .   b - +0 scale mail
rPois    .         Spirit   .   n - +1 hat
rElec    .         Reflect  .   m - +0 cloak
rCorr    .         Harm     .   (no gloves)
MR       .....                  (no boots)
Stlth    +.........             (no amulet)
HPRegen  0.20/turn              (no ring)
MPRegen  0.12/turn              (no ring)

@: lethally poisoned (0 -> -7), hasted, very quick
A: distributed training, fangs 1, strong nose
a: Wall Jump, Renounce Religion


You were on level 3 of the Dungeon.
You worshipped Wu Jian.
Wu Jian was pleased with you.
You were hungry.

You visited 1 branch of the dungeon, and saw 4 of its levels.

You collected 141 gold pieces.

Inventory:

Hand Weapons
 a - a +1 long sword
 l - a cursed -1 mace (weapon)
Missiles
 d - 45 bolts
 g - 45 arrows
 h - 6 curare-tipped needles
Armour
 b - a +0 scale mail (worn)
 c - a +0 shield (worn)
 m - a +0 cloak (worn)
 n - a +1 hat (worn)
Jewellery
 k - an uncursed amulet of faith
Wands
 e - a wand of random effects (21)
Scrolls
 j - a scroll of teleportation
 r - a scroll of magic mapping
Potions
 i - a potion of cancellation
 p - a potion of brilliance
Comestibles
 f - 4 rations


   Skills:
 + Level 7.0 Fighting
 + Level 2.3 Short Blades
 + Level 5.2 Long Blades
 + Level 2.3 Axes
 + Level 2.3 Maces & Flails
 + Level 2.3 Polearms
 + Level 2.3 Staves
 + Level 2.3 Slings
 + Level 2.3 Bows
 + Level 2.3 Crossbows
 + Level 2.3 Throwing
 + Level 7.0 Armour
 + Level 2.3 Dodging
 + Level 2.3 Stealth
 + Level 7.0 Shields
 + Level 2.3 Unarmed Combat
 + Level 2.3 Spellcasting
 + Level 1.9 Conjurations
 + Level 1.9 Hexes
 + Level 1.9 Charms
 + Level 1.9 Summonings
 + Level 1.9 Necromancy
 + Level 1.9 Translocations
 + Level 1.9 Transmutations
 + Level 1.9 Fire Magic
 + Level 1.9 Ice Magic
 + Level 1.9 Air Magic
 + Level 1.9 Earth Magic
 + Level 1.9 Poison Magic
 + Level 2.6 Invocations
 + Level 2.3 Evocations


You had 10 spell levels left.
You didn't know any spells.
Your spell library was empty.

Dungeon Overview and Level Annotations

Branches:
Dungeon (4/15)
 Temple: D:4-7

Altars:
Elyvilon
Wu Jian


Innate Abilities, Weirdness & Mutations

Your experience applies equally to all skills.
You have very sharp teeth.
Your uncanny sense of smell can sniff out nearby items.


Message History

* * * LOW HITPOINT WARNING * * *
You feel sick.
* * * LOW HITPOINT WARNING * * *
You feel sick.
There is a stone staircase leading up here.
* * * LOW HITPOINT WARNING * * *
You feel sick.
You climb upwards.
* * * LOW HITPOINT WARNING * * *
You feel sick.
There is a stone staircase leading down here.
Okay, then.
Unknown command.
* * * LOW HITPOINT WARNING * * *
You feel sick.
* * * LOW HITPOINT WARNING * * *
You feel sick.
* * * LOW HITPOINT WARNING * * *
You feel sick.
You die...

.#####...####......#
.##................#
....#.###'###......#
....).# #.# #......#
..#...###.###.#..###
......+.._###....##
......###.###.....####
#.....# #.# #..>.....#
#.....###'###.##@....#
#.............##.....#
..#.......#..##.....##
.#####..#...##......#
.## #<........>....#
..# ##...######.....#
#.###.†(## #####.####
......#)# #........#
....#...# #........#


There were no monsters in sight!

Vanquished Creatures
  An ice beast (D:2)
  A centaur (D:3)
  An orc priest (D:3)
  An orc wizard (D:4)
  A bullfrog skeleton (D:4)
  An iguana (D:4)
  2 worker ants (D:4)
  Ijyb (D:4)
  5 adders
  3 gnolls (D:2)
  2 oozes (D:2)
  5 worms
  A dart slug (D:1)
  2 leopard geckos
  9 orcs
  7 giant cockroaches
  9 goblins
  10 hobgoblins
  5 jackals
  12 bats
  8 frilled lizards
  7 kobolds
  12 rats
106 creatures vanquished.

Notes
Turn   | Place    | Note
-------+----------+-------------------------------------------
     0 | D:1      | Lanoc the Gnoll Fighter began the quest for the Orb.
     0 | D:1      | Reached XP level 1. HP: 23/23 MP: 1/1
    75 | D:1      | Reached XP level 2. HP: 29/29 MP: 2/2
   278 | D:1      | Reached XP level 3. HP: 34/35 MP: 3/3
   617 | D:2      | Reached skill level 1 in Invocations
   728 | D:2      | Noticed an ice beast
   742 | D:2      | Killed an ice beast
   742 | D:2      | Reached skill level 1 in Short Blades
   742 | D:2      | Reached skill level 1 in Axes
   742 | D:2      | Reached skill level 1 in Maces & Flails
   742 | D:2      | Reached skill level 1 in Polearms
   742 | D:2      | Reached skill level 1 in Staves
   742 | D:2      | Reached skill level 1 in Slings
   742 | D:2      | Reached skill level 1 in Bows
   742 | D:2      | Reached skill level 1 in Crossbows
   742 | D:2      | Reached skill level 1 in Throwing
   742 | D:2      | Reached skill level 1 in Dodging
   742 | D:2      | Reached skill level 1 in Stealth
   742 | D:2      | Reached skill level 1 in Unarmed Combat
   742 | D:2      | Reached skill level 1 in Spellcasting
   742 | D:2      | Reached skill level 1 in Conjurations
   742 | D:2      | Reached skill level 1 in Hexes
   742 | D:2      | Reached skill level 1 in Charms
   742 | D:2      | Reached skill level 1 in Summonings
   742 | D:2      | Reached skill level 1 in Necromancy
   742 | D:2      | Reached skill level 1 in Translocations
   742 | D:2      | Reached skill level 1 in Transmutations
   742 | D:2      | Reached skill level 1 in Fire Magic
   742 | D:2      | Reached skill level 1 in Ice Magic
   742 | D:2      | Reached skill level 1 in Air Magic
   742 | D:2      | Reached skill level 1 in Earth Magic
   742 | D:2      | Reached skill level 1 in Poison Magic
   742 | D:2      | Reached skill level 1 in Evocations
   742 | D:2      | Reached XP level 4. HP: 30/41 MP: 4/6
   742 | D:2      | Reached XP level 5. HP: 34/47 MP: 4/7
  1320 | D:2      | Reached XP level 6. HP: 53/53 MP: 8/8
  1396 | D:2      | Found a faded altar of an unknown god.
  1401 | D:2      | Became a worshipper of the Wu Jian Council
  1401 | D:2      | Reached * piety under Wu Jian
  1526 | D:3      | Reached skill level 5 in Long Blades
  1853 | D:3      | Found a white marble altar of Elyvilon.
  1878 | D:3      | Reached ** piety under Wu Jian
  2197 | D:4      | Reached XP level 7. HP: 27/59 MP: 10/10
  2388 | D:4      | Noticed Ijyb
  2403 | D:4      | Killed Ijyb
  2806 | D:3      | HP: 3/60 [poisoned by a scorpion]
  2810 | D:3      | HP: 1/60 [poisoned by a scorpion]
  2811 | D:3      | Succumbed to a scorpion's poison

Vault maps used:
D:1:      grunt_arrival_crossed_arrows
D:2:      chequers_ecumenical_altar_grove, first_ration, minmay_misc_feat_square
D:3:      lemuel_doored_altar
D:4:      uniq_ijyb, uniq_crazy_yiuf_cottage

Skill      XL: |  1  2  3  4  5  6  7 |
---------------+----------------------+-----
Invocations    | 1 2 |  2.6
Short Blades   | 1 2 |  2.3
Axes           | 1 2 |  2.3
Maces & Flails | 1 2 |  2.3
Polearms       | 1 2 |  2.3
Staves         | 1 2 |  2.3
Slings         | 1 2 |  2.3
Bows           | 1 2 |  2.3
Crossbows      | 1 2 |  2.3
Throwing       | 1 2 |  2.3
Dodging        | 1 2 |  2.3
Stealth        | 1 2 |  2.3
Unarmed Combat | 1 2 |  2.3
Spellcasting   | 1 2 |  2.3
Conjurations   | 1 |  1.9
Hexes          | 1 |  1.9
Charms         | 1 |  1.9
Summonings     | 1 |  1.9
Necromancy     | 1 |  1.9
Translocations | 1 |  1.9
Transmutations | 1 |  1.9
Fire Magic     | 1 |  1.9
Ice Magic      | 1 |  1.9
Air Magic      | 1 |  1.9
Earth Magic    | 1 |  1.9
Poison Magic   | 1 |  1.9
Evocations     | 1 2 |  2.3
Long Blades    | 5 |  5.2
Fighting       | 7 |  7.0
Armour         | 7 |  7.0
Shields        | 7 |  7.0

Action                   |  1- 3 |  4- 6 |  7- 9 || total
-------------------------+-------+-------+-------++-------
Melee: Long sword        |    97 |   189 |    70 ||   356
       Bite              |    10 |    43 |     9 ||    62
       Mace              |       |       |    14 ||    14
Invok: Whirlwind         |       |    21 |    28 ||    49
       Lunge             |       |     5 |     5 ||    10
  Use: Potion            |       |     1 |     3 ||     4
       Scroll            |       |    10 |     2 ||    12
  Eat: Chunk             |       |     5 |     1 ||     6
Armor: Scale mail        |    36 |    67 |    42 ||   145
Dodge: Dodged            |    16 |    96 |    26 ||   138
Block: Shield            |    47 |   136 |    49 ||   232
       Rpst.: Long sword |     6 |    35 |     4 ||    45

Table legend:
 A = Non-vault XP
 B = Vault XP
 C = Vault XP percentage of total XP
 D = Non-vault monster count
 E = Vault monster count
 F = Vault count percentage of total count
                 A         B        C        D         E       F
            +---------+---------+-------+---------+---------+-------
      Total |     765 |      33 |   4.1 |     105 |       1 |   0.9
            +---------+---------+-------+---------+---------+-------
        D:1 |      41 |       0 |   0.0 |      25 |       0 |   0.0
        D:2 |     280 |       0 |   0.0 |      36 |       0 |   0.0
        D:3 |     236 |       0 |   0.0 |      33 |       0 |   0.0
        D:4 |     208 |      33 |  13.7 |      11 |       1 |   8.3
            +---------+---------+-------+---------+---------+-------
